 Dungeon Crawl Stone Soup version 0.26.1-10-gdfb7c7de75 (webtiles) character file.

Game seed: 4851483038325099173

513 Chiseanne the Stinger (level 7, 46/46 HPs)
             Began as a Demonspawn Hedge Wizard on Apr 5, 2021.
             Quit the game on level 5 of the Dungeon.
             The game lasted 00:10:13 (5825 turns).

Chiseanne the Stinger (Demonspawn Hedge Wizard)     Turns: 5825, Time: 00:10:13

Health: 46/46      AC:  3    Str: 10    XL:     7   Next: 0%
Magic:  7/12       EV: 12    Int: 20    God:
Gold:   261        SH:  0    Dex: 12    Spells: 7/13 levels left

rFire    . . .     SeeInvis .   a - +3 dagger
rCold    . . .     Faith    .   (no shield)
rNeg     + . .     Spirit   .   b - +1 robe
rPois    .         Reflect  .   (helmet restricted)
rElec    .         Harm     .   (no cloak)
rCorr    .         Rampage  .   (no gloves)
Will     .....                  (no boots)
Stlth    ++........             (no amulet)
HPRegen  0.15/turn              g - ring of positive energy
MPRegen  0.13/turn              (no ring)

@: no status effects
A: horns 1, spiny 1, big brain 1
a: no special abilities


You were on level 5 of the Dungeon.
You visited 1 branch of the dungeon, and saw 5 of its levels.

You collected 261 gold pieces.

Inventory:

Hand Weapons
 a - a +3 dagger (weapon)
Missiles
 i - 13 poisoned darts
 j - a throwing net (quivered)
 l - 58 arrows
 n - 17 bolts
 p - 18 sling bullets
Armour
 b - a +1 robe (worn)
 h - a +0 helmet
Jewellery
 g - a ring of positive energy (left hand)
 o - an uncursed amulet of faith
Scrolls
 s - a scroll of remove curse
Potions
 d - 2 potions of flight
 e - a potion of attraction {unknown}
 f - a potion of brilliance
 k - 2 potions of ambrosia {unknown}
 m - a potion of magic {unknown}
 q - 2 potions of curing
 r - 2 potions of berserk rage


   Skills:
 - Level 1.7 Dodging
 - Level 1.7 Stealth
 - Level 3.6 Spellcasting
 - Level 2.3 Conjurations
 - Level 1.0 Summonings
 - Level 0.8 Translocations
 * Level 4.0 Air Magic
 * Level 4.4 Poison Magic


You had 7 spell levels left.
You knew the following spells:

 Your Spells              Type           Power        Failure   Level
a - Magic Dart            Conj           48%          5%          1
b - Blink                 Tloc           N/A          14%         2
d - Mephitic Cloud        Conj/Pois/Air  18%          9%          3

Your spell library contained the following spells:

 Spells                   Type           Power        Failure   Level
 Call Imp                 Summ           7%           14%         2
 Slow                     Hex            3%           21%         2
 Conjure Flame            Conj/Fire      8%           26%         3


Dungeon Overview and Level Annotations

Branches:
Dungeon (5/15)
 Temple: D:4-7

Altars:
Ashenzari
Dithmenos
Gozag
Ru
Sif Muna
Vehumet
Xom

Annotations:
D:2 exclusion: downstairs


Innate Abilities, Weirdness & Mutations

You have a pair of small horns on your head.
You are partially covered in sharp spines.
You have an unusually large brain. (Int +2)


Message History

Casting: Magic Dart (safe; 5% risk of failure)
Confirm with . or Enter, or press ? or * to list all spells.
Aiming: Magic Dart (safe; 5% risk of failure)
Press: ? - help, Shift-Dir - straight line, f/p - quokka
Aim: a quokka (almost dead, 0% to evade)
The magic dart hits the quokka but does no damage.
The quokka is almost dead.
The quokka barely misses you.
Casting: Magic Dart (safe; 5% risk of failure)
Confirm with . or Enter, or press ? or * to list all spells.
Aiming: Magic Dart (safe; 5% risk of failure)
Press: ? - help, Shift-Dir - straight line, f/p - quokka
Aim: a quokka (almost dead, 0% to evade)
The magic dart hits the quokka.
You kill the quokka!
You have reached level 7!
Your demonic ancestry asserts itself...
A pair of horns grows on your head!
Your +0 helmet falls away!
Are you sure you want to abandon this character and quit the game? (Confirm with "yes".)

... #).# #.# #.##
##..# #.#
#..###.#.##### #.#
#.<†..........# #.#
####.###.###...##.#
#.# #..........#
#.# #.###...#..#
#.# .####.##..# ..#
.......@..# ...
...#####†## ###
#... #####


There were no monsters in sight!

Vanquished Creatures
  Duvessa (D:4)
  An ogre (D:4)
  Dowan (D:4)
  A scorpion (D:4)
  A bullfrog zombie (D:3)
  An orc priest (D:4)
  3 orc wizards (D:4)
  5 adders
  5 worms
  3 leopard geckos
  5 orcs
  3 ball pythons
  10 bats
  3 giant cockroaches
  9 goblins
  9 hobgoblins
  5 jackals
  6 kobolds
  4 quokkas
  4 frilled lizards
  12 rats
92 creatures vanquished.

Notes
Turn   | Place    | Note
-------+----------+-------------------------------------------
     0 | D:1      | Chiseanne the Demonspawn Hedge Wizard began the quest for
                  | the Orb.
     0 | D:1      | Reached XP level 1. HP: 13/13 MP: 4/4
   410 | D:1      | Gained mutation: You have an unusually large brain. (Int
                  | +2) [demonic ancestry]
   410 | D:1      | Reached XP level 2. HP: 19/19 MP: 1/6
  1331 | D:2      | Reached XP level 3. HP: 8/24 MP: 0/8
  1595 | D:2      | Learned a level 2 spell: Blink
  1599 | D:2      | Learned a level 3 spell: Mephitic Cloud
  1855 | D:2      | Found a burning altar of Makhleb.
  1858 | D:2      | Found an opulent altar of Gozag.
  1858 | D:2      | Found a shimmering altar of Xom.
  1860 | D:2      | Found a sacrificial altar of Ru.
  1860 | D:2      | Found a shimmering blue altar of Sif Muna.
  1860 | D:2      | Found a broken altar of Ashenzari.
  1945 | D:2      | HP: 1/24 [worm (3)]
  2239 | D:2      | Reached skill level 1 in Poison Magic
  2547 | D:2      | Reached skill level 1 in Air Magic
  2716 | D:2      | Found a broken altar of Ashenzari.
  2716 | D:2      | Found a shadowy altar of Dithmenos.
  2788 | D:3      | Reached XP level 4. HP: 24/30 MP: 1/9
  3584 | D:3      | Gained mutation: You are partially covered in sharp spines.
                  | [demonic ancestry]
  3584 | D:3      | Reached XP level 5. HP: 35/35 MP: 7/10
  4538 | D:4      | Noticed an ogre
  4543 | D:4      | Killed an ogre
  4657 | D:4      | Noticed Dowan
  4657 | D:4      | Noticed Duvessa
  4681 | D:4      | Killed Duvessa
  4682 | D:4      | Reached XP level 6. HP: 18/41 MP: 1/11
  4694 | D:4      | Killed Dowan
  4921 | D:4      | Found a radiant altar of Vehumet.
  5185 | D:4      | Chiseanne: yeah, right
  5430 | D:4      | Chiseanne: yeah, right
  5734 | D:5      | Entered Level 5 of the Dungeon
  5825 | D:5      | Gained mutation: You have a pair of small horns on your
                  | head. [demonic ancestry]
  5825 | D:5      | Reached XP level 7. HP: 46/46 MP: 7/12
  5825 | D:5      | Quit the game

Illustrated notes

Levels and vault maps discovered:
D:1:      dpeg_arrival_tiny_a, layout_basic
D:2:      layout_rooms, doesnt_xom_only_xom, gammafunk_temple_overflow_elements
D:3:      layout_basic, st_stairs_2
D:4:      minmay_bubble_buster, layout_layer_cave,
          nicolae_overflow_hidden_temple, uniq_duvessa
D:5:      layout_loops_ring, basic_altar

Skill      XL: |  1  2  3  4  5  6 |
---------------+-------------------+-----
Conjurations   | 2 |  2.3
Poison Magic   | 1 2 3 4 |  4.4
Air Magic      | 1 2 3 4 |  4.0
Dodging        | |  1.7
Stealth        | |  1.7
Spellcasting   | |  3.6
Summonings     | |  1.0
Translocations | |  0.8

Action                   |  1- 3 |  4- 6 |  7- 9 || total
-------------------------+-------+-------+-------++-------
Melee: Dagger            |     8 |    33 |       ||    41
       Short sword       |    18 |    16 |       ||    34
 Cast: Magic Dart        |   125 |   134 |       ||   259
       Mephitic Cloud    |       |     6 |       ||     6
  Use: Scroll            |     5 |     2 |       ||     7
       Potion            |     3 |     5 |       ||     8
 Stab: Confused          |       |     1 |       ||     1
Armor: Robe              |     7 |    19 |       ||    26
Dodge: Dodged            |    24 |    34 |       ||    58
